[Event "World Senior chT-50 2019"]
[Site "Rhodes"]
[Date "2019.04.17"]
[Round "2.36"]
[White "Papadimitriou, Loukas"]
[Black "Matthews, Gabriel"]
[Result "1-0"]
[ECO "D00"]
[WhiteElo "1943"]
[BlackElo "1782"]
[Annotator "NA RC"]
[PlyCount "75"]
[EventDate "2019.04.16"]
[EventType "team-tourn"]
[EventCountry "GRE"]
[SourceTitle "playchess.com"]
[Source "ChessBase"]
[SourceQuality "1"]
[WhiteTeam "Greece"]
[BlackTeam "Ireland"]
[WhiteTeamCountry "GRE"]
[BlackTeamCountry "IRL"]
[TimeControl "40/5400+30:1800+30"]

1. d4 Nf6 2. Bg5 d5 3. e3 c5 4. Bxf6 exf6 5. c3 Nc6 6. Nd2 cxd4 7. exd4 Bd6 8. Bd3 Be6 9. Ne2 Qc7 10. Ng3 O-O-O 11. Qf3 Kb8 12. Ndf1 Qa5 13. Nd2 Qc7 14. O-O h5 15. h3 g5 16. Nxh5 g4 17. hxg4 Rdg8 18. Bf5 Bxf5 19. Qxf5 Bh2+ 20. Kh1 Rg5 21. Qxf6 Rgxh5 22. gxh5 Rxh5 23. Qf3 Rh8 24. g3 Bxg3+ 25. Kg2 Bf4 26. Rh1 Rg8+ 27. Kf1 Bxd2 28. Qxd5 Re8 29. Rh7 Qe7 30. Qf3 Nd8 31. Rd1 Bg5 32. d5 Ka8 33. a4 Qd7 34. Qh3 Qc7 35. Qg4 Be7 36. Rd4 Bd6 37. Rc4 Qb8 38. Rc8 1-0

[Event "World Senior chT-50 2019"]
[Site "Rhodes"]
[Date "2019.04.17"]
[Round "2.38"]
[White "Kvisth, Bengt"]
[Black "Gamback, Bjorn"]
[Result "0-1"]
[ECO "E32"]
[WhiteElo "1723"]
[BlackElo "2101"]
[Annotator "NA RC"]
[PlyCount "46"]
[EventDate "2019.04.16"]
[EventType "team-tourn"]
[EventCountry "GRE"]
[SourceTitle "playchess.com"]
[Source "ChessBase"]
[SourceQuality "1"]
[WhiteTeam "Sweden"]
[BlackTeam "Sweden"]
[WhiteTeamCountry "SWE"]
[BlackTeamCountry "SWE"]
[TimeControl "40/5400+30:1800+30"]

1. d4 Nf6 2. c4 e6 3. Nc3 Bb4 4. e3 Ne4 5. Qc2 f5 6. Nf3 O-O 7. Be2 b6 8. O-O Bxc3 9. bxc3 Bb7 10. Rb1 d6 11. Rd1 Qe7 12. Ba3 Nd7 13. Bb2 Ndf6 14. Ne1 Ng4 15. Bxg4 fxg4 16. f3 gxf3 17. gxf3 Qg5+ 18. Qg2 Qxe3+ 19. Kf1 Rxf3+ 20. Nxf3 Rf8 21. Qg1 Rxf3+ 22. Kg2 Rf2+ 23. Kh1 Ng3# 0-1

[Event "World Senior chT-50 2019"]
[Site "Rhodes"]
[Date "2019.04.17"]
[Round "2.39"]
[White "Franzen, Thomas"]
[Black "Olsson, Torgny"]
[Result "1/2-1/2"]
[ECO "D00"]
[WhiteElo "2015"]
[BlackElo "1714"]
[Annotator "NA RC"]
[PlyCount "36"]
[EventDate "2019.04.16"]
[EventType "team-tourn"]
[EventCountry "GRE"]
[SourceTitle "playchess.com"]
[Source "ChessBase"]
[SourceQuality "1"]
[WhiteTeam "Sweden"]
[BlackTeam "Sweden"]
[WhiteTeamCountry "SWE"]
[BlackTeamCountry "SWE"]
[TimeControl "40/5400+30:1800+30"]

1. d4 Nf6 2. Nc3 d5 3. Bf4 e6 4. Nb5 Na6 5. a3 c6 6. Nc3 Bd6 7. e3 Qc7 8. Bxd6 Qxd6 9. Nf3 O-O 10. Bd3 Nc7 11. Ne5 b6 12. O-O Ba6 13. f4 Bxd3 14. Qxd3 c5 15. b3 a6 16. a4 Nce8 17. Rad1 Qc7 18. e4 cxd4 1/2-1/2

[Event "World Senior chT-50 2019"]
[Site "Rhodes"]
[Date "2019.04.17"]
[Round "2.40"]
[White "Andersson, Erik"]
[Black "Johansson, Bjorn"]
[Result "1/2-1/2"]
[ECO "A48"]
[WhiteElo "1661"]
[BlackElo "1888"]
[Annotator "NA RC"]
[PlyCount "57"]
[EventDate "2019.04.16"]
[EventType "team-tourn"]
[EventCountry "GRE"]
[SourceTitle "playchess.com"]
[Source "ChessBase"]
[SourceQuality "1"]
[WhiteTeam "Sweden"]
[BlackTeam "Sweden"]
[WhiteTeamCountry "SWE"]
[BlackTeamCountry "SWE"]
[TimeControl "40/5400+30:1800+30"]

1. Nf3 Nf6 2. b3 g6 3. Bb2 Bg7 4. e3 O-O 5. Be2 d6 6. d4 Nbd7 7. O-O b6 8. c4 e5 9. dxe5 Ng4 10. Nd4 Ndxe5 11. h3 Qh4 12. hxg4 c5 13. Nd2 cxd4 14. Bxd4 Bxg4 15. Bxg4 Nxg4 16. Nf3 Qe7 17. Bxg7 Kxg7 18. Qd4+ Ne5 19. Rfd1 Rfd8 20. Nxe5 dxe5 21. Qg4 f5 22. Qe2 e4 23. Rxd8 Rxd8 24. Rd1 Rd6 25. g3 Kh6 26. Kg2 Qd7 27. Rxd6 Qxd6 28. Qb2 Qd1 29. Qf6 1/2-1/2

[Event "World Senior chT-50 2019"]
[Site "Rhodes"]
[Date "2019.04.18"]
[Round "3.1"]
[White "Godena, Michele"]
[Black "Olafsson, Helgi"]
[Result "1/2-1/2"]
[ECO "B22"]
[WhiteElo "2459"]
[BlackElo "2506"]
[Annotator "ChessBase"]
[PlyCount "36"]
[EventDate "2019.04.16"]
[EventType "team-tourn"]
[EventCountry "GRE"]
[SourceTitle "playchess.com"]
[Source "ChessBase"]
[SourceQuality "1"]
[WhiteTeam "Italy"]
[BlackTeam "Iceland"]
[WhiteTeamCountry "ITA"]
[BlackTeamCountry "ISL"]
[TimeControl "40/5400+30:1800+30"]

1. e4 c5 2. c3 Nf6 3. e5 Nd5 4. Nf3 Nc6 5. d4 cxd4 6. cxd4 d6 7. Bc4 Nb6 8. Bb5 Bd7 9. exd6 e6 10. Bg5 f6 11. Bd2 Bxd6 12. O-O Ne7 13. Bd3 Nbd5 14. Re1 O-O 15. Nc3 Bf4 16. Bc4 Bxd2 17. Qxd2 Rc8 18. Bxd5 Nxd5 1/2-1/2

[Event "World Senior chT-50 2019"]
[Site "Rhodes"]
[Date "2019.04.18"]
[Round "3.2"]
[White "Hjartarson, Johann"]
[Black "Garcia Palermo, Carlos"]
[Result "1/2-1/2"]
[ECO "E05"]
[WhiteElo "2520"]
[BlackElo "2407"]
[PlyCount "120"]
[EventDate "2019.04.16"]
[EventType "team-tourn"]
[EventCountry "GRE"]
[TimeControl "40/5400+30:1800+30"]

1. d4 Nf6 2. c4 e6 3. g3 d5 4. Nf3 Be7 5. Bg2 O-O 6. O-O dxc4 7. Qc2 b6 8. e4 Bb7 9. Nc3 Nc6 10. Rd1 Nb4 11. Qe2 Nd3 12. Bg5 Ng4 13. Bxe7 Qxe7 14. Nd2 Ngxf2 15. Rf1 Qd8 16. d5 f5 17. exf5 exd5 18. Rxf2 Nxf2 19. Qxf2 c6 20. g4 h5 21. h3 hxg4 22. hxg4 Qg5 23. Qd4 Rae8 24. Nf3 Qe3+ 25. Qxe3 Rxe3 26. Kf2 Rfe8 27. Rd1 b5 28. Nd4 Kf7 29. Ne6 R3xe6 30. fxe6+ Rxe6 31. b4 Kf6 32. Ne2 Ke5 33. Bf3 Rf6 34. Ke3 Kd6 35. Nd4 Bc8 36. g5 Rf8 37. Nxb5+ cxb5 38. Rxd5+ Kc7 39. Rxb5 Be6 40. Rb7+ Kd6 41. Rxa7 c3 42. Be4 Rf1 43. Kd4 Rf4 44. Ra6+ Kd7 45. Ra5 c2 46. Rc5 Bf5 47. Ke5 Rxe4+ 48. Kxf5 Rxb4 49. Rxc2 Rb6 50. a4 g6+ 51. Ke5 Re6+ 52. Kf4 Ra6 53. Rc4 Ra5 54. Rd4+ Ke6 55. Rb4 Rf5+ 56. Kg4 Ra5 57. Rb6+ Ke7 58. Rxg6 Rxa4+ 59. Kh5 Kf7 60. Rb6 Ra8 1/2-1/2

[Event "World Senior chT-50 2019"]
[Site "Rhodes"]
[Date "2019.04.18"]
[Round "3.3"]
[White "Mariotti, Sergio"]
[Black "Petursson, Margeir"]
[Result "1/2-1/2"]
[ECO "D30"]
[WhiteElo "2280"]
[BlackElo "2492"]
[PlyCount "61"]
[EventDate "2019.04.16"]
[EventType "team-tourn"]
[EventCountry "GRE"]
[TimeControl "40/5400+30:1800+30"]

1. d4 Nf6 2. Nf3 e6 3. g3 c5 4. Bg2 Nc6 5. O-O cxd4 6. Nxd4 Bc5 7. Nb3 Bb6 8. c4 d5 9. cxd5 exd5 10. Bg5 d4 11. N1d2 h6 12. Bxf6 Qxf6 13. Nc4 O-O 14. Nxb6 axb6 15. Bxc6 bxc6 16. Qxd4 Qe7 17. Qxb6 Qxe2 18. Nd4 Qe5 19. Rfe1 Qf6 20. Qxc6 Qxc6 21. Nxc6 Bb7 22. Nb4 Rfd8 23. Re7 Rab8 24. Rae1 g5 25. h3 Rd2 26. R7e3 Rxb2 27. Rb3 Rxb3 28. axb3 Bf3 29. Re3 Bd1 30. Nc6 Rxb3 31. Rxb3 1/2-1/2

[Event "World Senior chT-50 2019"]
[Site "Rhodes"]
[Date "2019.04.18"]
[Round "3.4"]
[White "Arnason, Jon L"]
[Black "Bellia, Fabrizio"]
[Result "1/2-1/2"]
[ECO "C91"]
[WhiteElo "2423"]
[BlackElo "2447"]
[Annotator "NA"]
[PlyCount "63"]
[EventDate "2019.04.16"]
[EventType "team-tourn"]
[EventCountry "GRE"]
[SourceTitle "playchess.com"]
[Source "ChessBase"]
[SourceQuality "1"]
[WhiteTeam "Iceland"]
[BlackTeam "Italy"]
[WhiteTeamCountry "ISL"]
[BlackTeamCountry "ITA"]
[TimeControl "40/5400+30:1800+30"]

1. e4 e5 2. Nf3 Nc6 3. Bb5 a6 4. Ba4 Nf6 5. O-O Be7 6. Re1 b5 7. Bb3 d6 8. c3 O-O 9. d4 Bg4 10. d5 Na5 11. Bc2 Qc8 12. Nbd2 c6 13. b4 Nb7 14. dxc6 Qxc6 15. Bb2 a5 16. a3 Rfc8 17. Bd3 Nd8 18. Qe2 Rcb8 19. Nb3 a4 20. Nbd2 Ne6 21. g3 Ng5 22. Kg2 Qb7 23. Qe3 Nxf3 24. Nxf3 Rc8 25. Rac1 Be6 26. Nd2 Ng4 27. Qe2 Bg5 28. Rcd1 Bxd2 29. Rxd2 Rab8 30. Kg1 Nf6 31. Qd1 Rc6 32. Bc2 1/2-1/2

[Event "World Senior chT-50 2019"]
[Site "Rhodes"]
[Date "2019.04.18"]
[Round "3.5"]
[White "Speelman, Jon S"]
[Black "Shabalov, Alexander"]
[Result "0-1"]
[ECO "E05"]
[WhiteElo "2509"]
[BlackElo "2510"]
[Annotator "ChessBase"]
[PlyCount "56"]
[EventDate "2019.04.16"]
[EventType "team-tourn"]
[EventCountry "GRE"]
[SourceTitle "playchess.com"]
[Source "ChessBase"]
[SourceQuality "1"]
[WhiteTeam "England"]
[BlackTeam "United States"]
[WhiteTeamCountry "ENG"]
[BlackTeamCountry "USA"]
[TimeControl "40/5400+30:1800+30"]

1. d4 Nf6 2. Nf3 e6 3. g3 d5 4. Bg2 Be7 5. O-O O-O 6. c4 dxc4 7. Qc2 b6 8. Ng5 c6 9. Rd1 Ba6 10. Nd2 h6 11. Nge4 Nxe4 12. Bxe4 c3 13. Nf3 cxb2 14. Bxb2 Nd7 15. Bxc6 Rc8 16. d5 exd5 17. Rxd5 Qc7 18. Rc1 Nc5 19. Re5 Bf6 20. Bd5 Qd7 21. Qd2 Nd3 22. Rxc8 Rxc8 23. exd3 Bxe5 24. Bc4 Bxc4 25. Nxe5 Qd6 26. Nxc4 Rxc4 27. Qe2 Rc7 28. Qe8+ Kh7 0-1

[Event "World Senior chT-50 2019"]
[Site "Rhodes"]
[Date "2019.04.18"]
[Round "3.6"]
[White "Novikov, Igor"]
[Black "Arkell, Keith C"]
[Result "1/2-1/2"]
[ECO "E11"]
[WhiteElo "2563"]
[BlackElo "2467"]
[Annotator "ChessBase"]
[PlyCount "39"]
[EventDate "2019.04.16"]
[EventType "team-tourn"]
[EventCountry "GRE"]
[SourceTitle "playchess.com"]
[Source "ChessBase"]
[SourceQuality "1"]
[WhiteTeam "United States"]
[BlackTeam "England"]
[WhiteTeamCountry "USA"]
[BlackTeamCountry "ENG"]
[TimeControl "40/5400+30:1800+30"]

1. d4 e6 2. c4 Bb4+ 3. Bd2 Bxd2+ 4. Qxd2 Nf6 5. Nf3 d5 6. g3 Nbd7 7. Bg2 O-O 8. O-O c6 9. Qc2 b6 10. cxd5 cxd5 11. Nc3 Bb7 12. Rfc1 Qe7 13. Qb3 Rfc8 14. e3 a6 15. a4 Rc7 16. Rc2 Rac8 17. Rac1 g6 18. Nd2 Qd8 19. Na2 Ne8 20. Rxc7 1/2-1/2

[Event "World Senior chT-50 2019"]
[Site "Rhodes"]
[Date "2019.04.18"]
[Round "3.7"]
[White "Emms, John M"]
[Black "Ehlvest, Jaan"]
[Result "1-0"]
[ECO "C07"]
[WhiteElo "2474"]
[BlackElo "2521"]
[PlyCount "80"]
[EventDate "2019.04.16"]
[EventType "team-tourn"]
[EventCountry "GRE"]
[TimeControl "40/5400+30:1800+30"]

1. e4 e6 2. d4 d5 3. Nd2 c5 4. Ngf3 cxd4 5. exd5 Qxd5 6. Bc4 Qd7 7. O-O Nc6 8. Nb3 Nf6 9. Nbxd4 Nxd4 10. Nxd4 a6 11. Re1 b5 12. Bb3 Bb7 13. Bf4 Be7 14. c3 Rd8 15. Qe2 Bd5 16. Bxd5 Nxd5 17. Bg3 O-O 18. Rad1 Qc8 19. h3 Rfe8 20. Nc2 Bc5 21. a3 Nb6 22. Bf4 Nc4 23. Bc1 Qc6 24. Rxd8 Rxd8 25. Rd1 Rxd1+ 26. Qxd1 h6 27. Qd8+ Kh7 28. Qd3+ f5 29. Nb4 Qc8 30. Qe2 Bd6 31. Nd3 a5 32. Bf4 Bxf4 33. Nxf4 e5 34. Nd5 Qc5 35. Qf3 Nd6 36. Ne7 e4 37. Qf4 g5 38. b4 axb4 39. axb4 gxf4 40. bxc5 Ne8 1-0

[Event "World Senior chT-50 2019"]
[Site "Rhodes"]
[Date "2019.04.18"]
[Round "3.8"]
[White "Yermolinsky, Alex"]
[Black "Plaskett, H James"]
[Result "1-0"]
[ECO "A59"]
[WhiteElo "2508"]
[BlackElo "2437"]
[PlyCount "75"]
[EventDate "2019.04.16"]
[EventType "team-tourn"]
[EventCountry "GRE"]
[TimeControl "40/5400+30:1800+30"]

1. d4 Nf6 2. c4 c5 3. d5 b5 4. cxb5 a6 5. bxa6 Bxa6 6. Nc3 d6 7. e4 Bxf1 8. Kxf1 g6 9. Nf3 Bg7 10. g3 O-O 11. Kg2 Qb6 12. Re1 Nbd7 13. h3 Rfb8 14. Re2 Qa6 15. Bg5 Rb4 16. a3 Rb7 17. Rc1 Nb6 18. Rcc2 Nc4 19. e5 Nd7 20. exd6 exd6 21. Bc1 Nde5 22. Nxe5 Nxe5 23. Bf4 h6 24. Ne4 Nd3 25. Bxd6 Nxb2 26. Qh1 c4 27. Kh2 Nd3 28. Nc5 Nxc5 29. Bxc5 Rc8 30. Bb4 c3 31. Qe4 Kh7 32. d6 Rd7 33. Qd5 Bf6 34. Re7 Rxe7 35. dxe7 Kg7 36. Rxc3 Re8 37. Rf3 Qe2 38. Bc3 1-0

[Event "World Senior chT-50 2019"]
[Site "Rhodes"]
[Date "2019.04.18"]
[Round "3.9"]
[White "Vaganian, Rafael A"]
[Black "Soffer, Ram"]
[Result "1/2-1/2"]
[ECO "E05"]
[WhiteElo "2535"]
[BlackElo "2486"]
[Annotator "ChessBase"]
[PlyCount "49"]
[EventDate "2019.04.16"]
[EventType "team-tourn"]
[EventCountry "GRE"]
[SourceTitle "playchess.com"]
[Source "ChessBase"]
[SourceQuality "1"]
[WhiteTeam "Armenia"]
[BlackTeam "Israel"]
[WhiteTeamCountry "ARM"]
[BlackTeamCountry "ISR"]
[TimeControl "40/5400+30:1800+30"]

1. Nf3 d5 2. g3 Nf6 3. Bg2 e6 4. O-O Be7 5. c4 O-O 6. d4 dxc4 7. Qc2 a6 8. a4 Bd7 9. Qxc4 Bc6 10. Bg5 a5 11. Nc3 Nbd7 12. Rfe1 Nb6 13. Qb3 Bxf3 14. Bxf3 Qxd4 15. Bxb7 Rab8 16. Bg2 Nbd5 17. Qc2 Qc5 18. Qc1 Nxc3 19. bxc3 Rb3 20. Qe3 Qf5 21. Qf4 Qc5 22. Qe3 Qf5 23. Qf4 Qc5 24. Qc1 Qc4 25. Be3 1/2-1/2

[Event "World Senior chT-50 2019"]
[Site "Rhodes"]
[Date "2019.04.18"]
[Round "3.10"]
[White "Manor, Ilan"]
[Black "Minasian, Artashes"]
[Result "0-1"]
[ECO "A40"]
[WhiteElo "2461"]
[BlackElo "2472"]
[PlyCount "98"]
[EventDate "2019.04.16"]
[EventType "team-tourn"]
[EventCountry "GRE"]
[TimeControl "40/5400+30:1800+30"]

1. Nf3 g6 2. c4 Bg7 3. d4 c5 4. e4 d6 5. Be2 Nc6 6. d5 Nd4 7. Nxd4 cxd4 8. Na3 e5 9. dxe6 fxe6 10. Nb5 Qb6 11. b4 d3 12. Bxd3 Bxa1 13. Be3 Bc3+ 14. Nxc3 Qxb4 15. Bd2 Qb6 16. e5 Qd4 17. Qf3 Qxe5+ 18. Ne4 d5 19. Bc3 dxe4 20. Bxe4 Qc7 21. Bxh8 Qxc4 22. Bd3 Qd5 23. Qg3 Qa5+ 24. Kf1 Bd7 25. h3 Bb5 26. Bxb5+ Qxb5+ 27. Kg1 Ne7 28. Kh2 Nf5 29. Qf4 Kf7 30. Ba1 Qd5 31. Rc1 Kg8 32. Rc7 Re8 33. Be5 Rf8 34. g4 Ne7 35. Qe3 Rf3 36. Qe2 Nc6 37. Rc8+ Rf8 38. Rxf8+ Kxf8 39. f4 Nxe5 40. fxe5 Ke7 41. Qe3 Qxa2+ 42. Kg3 Qa5 43. Kh4 Qb6 44. Qf3 Ke8 45. Kg5 Qc5 46. Qf6 Qe7 47. Kh6 b5 48. h4 b4 49. h5 g5 0-1

[Event "World Senior chT-50 2019"]
[Site "Rhodes"]
[Date "2019.04.18"]
[Round "3.11"]
[White "Movsziszian, Karen"]
[Black "Kaspi, Alexander"]
[Result "1/2-1/2"]
[ECO "C95"]
[WhiteElo "2485"]
[BlackElo "2452"]
[PlyCount "98"]
[EventDate "2019.04.16"]
[EventType "team-tourn"]
[EventCountry "GRE"]
[TimeControl "40/5400+30:1800+30"]

1. e4 e5 2. Nf3 Nc6 3. Bb5 a6 4. Ba4 Nf6 5. O-O Be7 6. Re1 b5 7. Bb3 d6 8. c3 O-O 9. h3 Nb8 10. d4 Nbd7 11. Nbd2 c5 12. Nf1 Re8 13. Ng3 Bf8 14. Ng5 c4 15. Bc2 h6 16. Nf3 Qc7 17. Be3 Bb7 18. d5 Nc5 19. Qd2 Bc8 20. b4 cxb3 21. axb3 Bd7 22. c4 bxc4 23. bxc4 a5 24. Ra3 Ra6 25. Rea1 Rea8 26. Qd1 Be8 27. Nd2 Nfd7 28. Ne2 Be7 29. Nc3 Bg5 30. Bxg5 hxg5 31. Qe2 Qd8 32. Qe3 f6 33. Ba4 Nb6 34. Bxe8 Qxe8 35. Rb1 Nbd7 36. Rb5 Qd8 37. Qe2 Rc8 38. Nf1 g6 39. Ne3 Kg7 40. Qc2 Rca8 41. Rb1 Rb8 42. Nb5 a4 43. Nd1 Nb6 44. Rb4 Raa8 45. Qb1 Na6 46. Ne3 Nxb4 47. Qxb4 Nc8 48. Rxa4 Na7 49. Kh2 Nxb5 1/2-1/2

[Event "World Senior chT-50 2019"]
[Site "Rhodes"]
[Date "2019.04.18"]
[Round "3.12"]
[White "Gruenfeld, Yehuda"]
[Black "Petrosian, Arshak B"]
[Result "1-0"]
[ECO "A08"]
[WhiteElo "2428"]
[BlackElo "2470"]
[Annotator "ChessBase"]
[PlyCount "49"]
[EventDate "2019.04.16"]
[EventType "team-tourn"]
[EventCountry "GRE"]
[SourceTitle "playchess.com"]
[Source "ChessBase"]
[SourceQuality "1"]
[WhiteTeam "Israel"]
[BlackTeam "Armenia"]
[WhiteTeamCountry "ISR"]
[BlackTeamCountry "ARM"]
[TimeControl "40/5400+30:1800+30"]

1. g3 d5 2. Nf3 c5 3. Bg2 Nc6 4. O-O e5 5. d3 f6 6. e4 Be6 7. exd5 Bxd5 8. Nc3 Be6 9. Re1 Qd7 10. a3 Nge7 11. b4 Nd5 12. Nxd5 Bxd5 13. c3 O-O-O 14. Be3 Be6 15. Qa4 Qxd3 16. b5 Ne7 17. Bxc5 a6 18. Bb6 Rd7 19. c4 Kb8 20. Rad1 Qc3 21. bxa6 Rxd1 22. Rxd1 Nc8 23. axb7 Nxb6 24. Rd8+ Kxb7 25. Nd4+ 1-0

[Event "World Senior chT-50 2019"]
[Site "Rhodes"]
[Date "2019.04.18"]
[Round "3.13"]
[White "Strutinskaia, Galina"]
[Black "Wallner, Joachim"]
[Result "1/2-1/2"]
[ECO "A11"]
[WhiteElo "2208"]
[BlackElo "2271"]
[Annotator "NA"]
[PlyCount "49"]
[EventDate "2019.04.16"]
[EventType "team-tourn"]
[EventCountry "GRE"]
[SourceTitle "playchess.com"]
[Source "ChessBase"]
[SourceQuality "1"]
[WhiteTeam "Russia"]
[BlackTeam "Austria"]
[WhiteTeamCountry "RUS"]
[BlackTeamCountry "AUT"]
[TimeControl "40/5400+30:1800+30"]

1. c4 Nf6 2. Nf3 c6 3. e3 d5 4. Qc2 g6 5. b3 Bg7 6. Bb2 O-O 7. h3 Re8 8. d3 b6 9. Nbd2 Bb7 10. Rc1 e6 11. d4 Nbd7 12. b4 a5 13. a3 axb4 14. axb4 Qe7 15. c5 bxc5 16. bxc5 Reb8 17. Bd3 Ba6 18. Bxa6 Rxa6 19. Ra1 Rxa1+ 20. Bxa1 Ne8 21. O-O Nc7 22. Nb3 Ra8 23. Bc3 e5 24. dxe5 Nxe5 25. Nxe5 1/2-1/2

[Event "World Senior chT-50 2019"]
[Site "Rhodes"]
[Date "2019.04.18"]
[Round "3.14"]
[White "Denk, Adolf"]
[Black "Grabuzova, Tatiana"]
[Result "0-1"]
[ECO "E18"]
[WhiteElo "2255"]
[BlackElo "2323"]
[Annotator "NA"]
[PlyCount "44"]
[EventDate "2019.04.16"]
[EventType "team-tourn"]
[EventCountry "GRE"]
[SourceTitle "playchess.com"]
[Source "ChessBase"]
[SourceQuality "1"]
[WhiteTeam "Austria"]
[BlackTeam "Russia"]
[WhiteTeamCountry "AUT"]
[BlackTeamCountry "RUS"]
[TimeControl "40/5400+30:1800+30"]

1. d4 e6 2. c4 b6 3. Nf3 Bb7 4. g3 f5 5. Bg2 Nf6 6. O-O Be7 7. Nc3 Ne4 8. Nxe4 Bxe4 9. Ne1 Bxg2 10. Nxg2 O-O 11. Qd3 Bf6 12. e4 fxe4 13. Qxe4 Nc6 14. d5 exd5 15. Qxd5+ Kh8 16. Rd1 Nb4 17. Qd2 a5 18. a3 Na6 19. Rb1 Nc5 20. b4 Ne4 21. Qxd7 Nc3 22. Qxd8 Raxd8 0-1

[Event "World Senior chT-50 2019"]
[Site "Rhodes"]
[Date "2019.04.18"]
[Round "3.15"]
[White "Kozlovskaya, Valentina"]
[Black "Druckenthaner, Andreas"]
[Result "0-1"]
[ECO "A87"]
[WhiteElo "2161"]
[BlackElo "2304"]
[PlyCount "140"]
[EventDate "2019.04.16"]
[EventType "team-tourn"]
[EventCountry "GRE"]
[TimeControl "40/5400+30:1800+30"]

1. c4 f5 2. g3 Nf6 3. Bg2 d6 4. d4 g6 5. Nc3 Bg7 6. Nf3 O-O 7. O-O e6 8. h3 {[%emt 0:04:30] A87: Dutch Defence: Leningrad System: 5 Nf3} (8. Rb1 a5 9. b3 Nc6 10. d5 Nb4 11. dxe6 Bxe6 12. Nd4 Bc8 13. Bb2 c6 14. e3 Qe7 15. a3 Na6 {½-½ (41) Shankland,S (2666)-Li,R (2577) Saint Louis 2017}) 8... Ne4 $146 ({Predecessor:} 8... Qe7 9. Kh2 Kh8 10. Bf4 Nbd7 11. Nb5 Ne8 12. Bg5 Ndf6 13. Qc1 Qf7 14. Bh6 Ne4 15. Ng5 Nxg5 16. Qxg5 {½-½ (60) Vakhidov,J (2165)-Igambergenov,A (2001) Teheran 2008}) 9. Nxe4 fxe4 10. Ne1 d5 11. Be3 Nc6 12. Nc2 Ne7 13. g4 c6 14. Qd2 dxc4 15. Bxe4 Nd5 16. Bg5 Qd6 17. e3 Bd7 18. Bg2 c5 19. dxc5 Qxc5 20. Nd4 Bxd4 21. exd4 Qd6 22. f4 Bc6 23. Rae1 Rae8 24. a3 Nb6 25. Bxc6 Qxc6 26. Qe3 Qd6 27. Rf2 Nd5 28. Qe4 Kg7 29. Ref1 h6 30. Bh4 Rf7 31. Bg3 Ref8 32. Rf3 Nf6 33. Qe3 Nd5 34. Qe4 Nf6 35. Qxg6+ Kxg6 36. f5+ exf5 37. Bxd6 Rd8 38. gxf5+ Kh7 39. Be5 Nd5 40. Kh2 Rg8 41. Rg1 Rxg1 42. Kxg1 Ne7 43. f6 Nd5 44. h4 b5 45. h5 a5 46. Kf2 Kg8 47. Ke2 Kf8 48. Kd2 Ke8 49. Kc2 Kd7 50. b3 c3 51. b4 axb4 52. axb4 Ke6 53. Kb3 Ra7 54. Rf1 Kf7 55. Rg1 Ra4 56. Bd6 Nxf6 57. Rg6 Nd5 58. Rxh6 Ra1 59. Rg6 Rb1+ 60. Kc2 Rb2+ 61. Kc1 Ne3 62. Rg3 Re2 63. Rxe3 $4 (63. Rf3+ $11 Ke6 64. Bg3) 63... Rxe3 64. Kc2 Ke6 65. Bf4 Rf3 66. Bg5 Kd5 67. Kb3 Kxd4 68. h6 Kd3 69. h7 Rh3 70. Bf6 c2 0-1

[Event "World Senior chT-50 2019"]
[Site "Rhodes"]
[Date "2019.04.18"]
[Round "3.16"]
[White "Kranzl, Peter"]
[Black "Titorenko, Natalia I"]
[Result "1/2-1/2"]
[ECO "B22"]
[WhiteElo "2145"]
[BlackElo "2153"]
[PlyCount "172"]
[EventDate "2019.04.16"]
[EventType "team-tourn"]
[EventCountry "GRE"]
[TimeControl "40/5400+30:1800+30"]

1. e4 c5 2. c3 Nf6 3. e5 Nd5 4. d4 cxd4 5. Qxd4 e6 6. Nf3 Nc6 7. Qe4 d6 8. Nbd2 Nxe5 9. Nxe5 dxe5 10. Qxe5 Bd7 11. Be2 Qc7 12. Qxc7 Nxc7 13. Bf3 O-O-O 14. O-O Nd5 15. Bxd5 exd5 16. Nb3 Bd6 17. Be3 Kb8 18. Rfe1 Rhe8 19. Bc5 Bc7 20. Nd4 b6 21. Be7 Rc8 22. g3 Kb7 23. Bg5 Be5 24. Nf3 Bc7 25. Bd2 f6 26. Re3 Rxe3 27. Bxe3 Bg4 28. Nd2 Bd6 29. f3 Bd7 30. Kf2 Re8 31. Nb3 Be5 32. Rd1 Bc6 33. Bd4 Bc7 34. Be3 Be5 35. Rd2 Re7 36. Bd4 Bc7 37. Be3 Be5 38. f4 Bc7 39. Nd4 Bd7 40. Nb3 Bc6 41. Nd4 Bd7 42. Nc2 Bc6 43. Nb4 Rd7 44. Bd4 a5 45. Nc2 Bd6 46. Ne3 Bc5 47. Kf3 Kc7 48. h4 h5 49. Nf5 Rf7 50. Kf2 g6 51. Ne3 Kd6 52. Bxc5+ Kxc5 53. Nc2 Re7 54. Re2 Rxe2+ 55. Kxe2 Bd7 56. Nd4 b5 57. a3 Kc4 58. Kd2 b4 59. axb4 axb4 60. b3+ Kc5 61. Kd3 Bc8 62. Kd2 Bh3 63. Nc2 bxc3+ 64. Kxc3 Bf5 65. Nd4 Bd7 66. b4+ Kd6 67. Nc2 Bb5 68. Kd4 Bd7 69. Ne3 Bc6 70. Nd1 Ke6 71. Kc5 Ba8 72. Ne3 Bb7 73. b5 Ba8 74. Nd1 Kf5 75. Nf2 g5 76. fxg5 fxg5 77. hxg5 Kxg5 78. Kd4 h4 79. gxh4+ Kxh4 80. Nd3 Kg5 81. Nb4 Kf5 82. Nxd5 Bb7 83. Nb4 Ke6 84. Kc5 Kd7 85. Kb6 Bg2 86. Nd3 Bf1 1/2-1/2

[Event "World Senior chT-50 2019"]
[Site "Rhodes"]
[Date "2019.04.18"]
[Round "3.17"]
[White "Mitrandzas, Athanasios"]
[Black "Ross, David"]
[Result "0-1"]
[ECO "A13"]
[WhiteElo "2055"]
[BlackElo "2312"]
[PlyCount "84"]
[EventDate "2019.04.16"]
[EventType "team-tourn"]
[EventCountry "GRE"]
[TimeControl "40/5400+30:1800+30"]

1. c4 e6 2. g3 d5 3. Bg2 Nf6 4. Nf3 Nc6 5. O-O Be7 6. b3 a5 7. Nc3 O-O 8. Bb2 d4 9. Nb5 e5 10. e3 Bc5 11. exd4 exd4 12. Re1 Bg4 13. h3 Bh5 14. g4 Bg6 15. Ne5 Nxe5 16. Rxe5 Nd7 17. Re1 c6 18. Nxd4 Qf6 19. Nf3 Qxb2 20. d4 Ba3 21. Re2 Qc3 22. Re3 Qb4 23. Qe2 Rfd8 24. Rd1 Nf8 25. d5 cxd5 26. cxd5 Qd6 27. Qb5 Bc5 28. Ree1 b6 29. Nd2 Qf4 30. Re2 Qd4 31. Qc6 Rac8 32. Qb7 h5 33. Rde1 hxg4 34. hxg4 Qxg4 35. Nf3 Qd7 36. Qa6 Bh5 37. Re5 Bxf3 38. Bxf3 Ng6 39. Rh5 Re8 40. Rf1 Ne5 41. Bg2 Qg4 42. Rh3 Ng6 0-1

[Event "World Senior chT-50 2019"]
[Site "Rhodes"]
[Date "2019.04.18"]
[Round "3.18"]
[White "Ross, Paul"]
[Black "Ilandzis, Spyridon"]
[Result "0-1"]
[ECO "E14"]
[WhiteElo "2237"]
[BlackElo "2021"]
[PlyCount "110"]
[EventDate "2019.04.16"]
[EventType "team-tourn"]
[EventCountry "GRE"]
[TimeControl "40/5400+30:1800+30"]

1. d4 Nf6 2. c4 e6 3. Nf3 c5 4. e3 cxd4 5. exd4 b6 6. Nc3 Bb4 7. Qb3 Bxc3+ 8. Qxc3 O-O 9. Be2 Ne4 10. Qc2 Bb7 11. O-O f5 12. Rd1 d6 13. b3 Nd7 14. Bb2 g5 15. d5 e5 16. Nd2 Nxd2 17. Qxd2 f4 18. f3 h5 19. b4 Rf7 20. Rac1 Rc8 21. Kh1 Rg7 22. Rg1 g4 23. g3 gxf3 24. Bxf3 fxg3 25. Rxg3 Rxg3 26. hxg3 Qf6 27. Kg2 Qg6 28. Qe2 Nf6 29. Rh1 b5 30. c5 Nxd5 31. Rh4 Bc6 32. Be4 Nf4+ 33. Kh2 Qxg3+ 34. Kxg3 Nxe2+ 35. Kf3 Nf4 36. cxd6 Bxe4+ 37. Kxe4 Kf7 38. Bxe5 Ne6 39. Kd5 Nf8 40. Rxh5 Rc2 41. Rf5+ Ke8 42. Rxf8+ Kxf8 43. Ke6 Rc6 44. Kd7 Rc2 45. a3 Kf7 46. Bd4 a6 47. Bc5 Rd2 48. Kc6 Ke6 49. Kb6 Kd7 50. Kxa6 Kc6 51. a4 bxa4 52. Be3 Rd3 53. b5+ Kxd6 54. Bf4+ Kd5 55. Bg5 a3 0-1